 Dungeon Crawl Stone Soup version 0.28-a0-268-g3f656e82c2 (webtiles) character file.

Game seed: 14219588354423686704

597 theanonym the Poker (level 7, -1/50 HPs)
             Began as a Mummy Delver on Aug 29, 2021.
             Was a Follower of Hepliaklqana.
             Slain by a troll (10 damage)
             ... on level 6 of the Dungeon.
             The game lasted 00:08:41 (7187 turns).

theanonym the Poker (Mummy Delver)                  Turns: 7187, Time: 00:08:42

Health: -1/50      AC: 13    Str: 18    XL:     7   Next: 17%
Magic:  7/7        EV:  5    Int:  9    God:    Hepliaklqana [*.....]
Gold:   184        SH:  5    Dex: 13    Spells: 6/6 levels left

rFire   x . .      SeeInvis .   a - +1 trident
rCold   + . .      Faith    .   (no shield)
rNeg    + + +      Spirit   .   n - +0 plate armour
rPois   ∞          Reflect  +   (no helmet)
rElec   .          Harm     .   o - +1 cloak
rCorr   +          Rampage  .   (no gloves)
Will    .....                   l - +0 pair of boots
Stlth   ..........              k - amulet of reflection
HPRegen 0.16/turn               b - ring of resist corrosion
MPRegen 0.10/turn               (no ring)

@: no status effects
A: reduced essence, cold resistance 1, negative energy resistance 3, torment
resistance 2, heat vulnerability 1, no potions
a: Renounce Religion, Recall Ancestor, Ancestor Identity


Innate Abilities, Weirdness & Mutations

Your life essence is reduced to manifest your ancestor. (-10% HP)
You are immune to poison.
Your flesh is cold resistant. (rC+)
You are immune to negative energy. (rN+++)
You are immune to unholy pain and torment.
You are vulnerable to heat. (rF-)
You do not drink.


   Skills:
 + Level 5.2 Fighting
 * Level 5.4 Polearms
 + Level 0.7 Armour
 - Level 1.5 Dodging
 - Level 4.1 Stealth


You had 6 spell levels left.
You didn't know any spells.
Your spell library contained the following spells:

 Spells                   Type           Power      Damage    Failure   Level
 Apportation              Tloc           0%         N/A       100%        1
 Corona                   Hex            0%         N/A       100%        1
 Magic Dart               Conj           0%         1d3       100%        1
 Ensorcelled Hibernation  Hex/Ice        0%         N/A       100%        2
 Searing Ray              Conj           0%         3d3       100%        2
 Tukima's Dance           Hex            0%         N/A       100%        3
 Airstrike                Air            0%         N/A       100%        4
 Fulminant Prism          Conj/Hex       0%         3d6       100%        4
 Summon Lightning Spire   Summ/Air       0%         N/A       100%        4
 Alistair's Intoxication  Tmut/Pois      0%         N/A       100%        5
 Lightning Bolt           Conj/Air       0%         1d11      100%        5
 Invisibility             Hex            0%         N/A       100%        6

Skill      XL: |  1  2  3  4  5  6 |
---------------+-------------------+-----
Polearms       | 2 3 4 5 |  5.4
Fighting       | 4 5 |  5.2
Armour         | |  0.7
Dodging        | |  1.5
Stealth        | |  4.1

Action                   |  1- 3 |  4- 6 |  7- 9 || total
-------------------------+-------+-------+-------++-------
Melee: Spear             |    63 |       |       ||    63
       Trident           |    53 |   294 |    62 ||   409
Throw: Throwing net      |       |     1 |       ||     1
Invok: Ancestor Identity |       |       |     1 ||     1
Evoke: Wand              |     4 |     4 |     1 ||     9
  Use: Scroll            |       |     4 |     3 ||     7
 Stab: Sleeping          |     1 |       |       ||     1
       Held in net/web   |       |     1 |       ||     1
Armor: Leather armour    |     6 |       |       ||     6
       Chain mail        |    41 |   112 |       ||   153
       Plate armour      |       |    18 |    49 ||    67
Dodge: Dodged            |    35 |    88 |    22 ||   145
Block: Other             |       |    26 |    18 ||    44

Inventory:

Hand Weapons
 a - a +1 trident (weapon)
Armour
 l - a +0 pair of boots (worn)
 n - a +0 plate armour (worn)
 o - a +1 cloak (worn)
Jewellery
 b - a ring of resist corrosion (left hand)
 k - an amulet of reflection (around neck)
Wands
 c - a wand of digging (3)
 g - a wand of iceblast (3)
Scrolls
 d - a scroll of noise
 e - a scroll of fear
 f - a scroll of fog
 h - a scroll of immolation
 j - 2 scrolls of summoning
 t - 2 scrolls of teleportation
 y - a scroll of magic mapping
 B - a scroll of blinking


You were on level 6 of the Dungeon.
You worshipped Hepliaklqana.
Hepliaklqana was aware of your devotion.
You visited 2 branches of the dungeon, and saw 7 of its levels.

You collected 184 gold pieces.

Dungeon Overview and Level Annotations

Branches:
Dungeon (6/15)             Temple (1/1) D:4

Altars:
Ashenzari
Cheibriados
Dithmenos
Gozag
Hepliaklqana
Makhleb
Nemelex Xobeh
Qazlal
Ru
Sif Muna
Trog
Uskayaw
Vehumet
Wu Jian
Xom
Zin
The Shining One

Annotations:
D:3 1 runed translucent door, Tungsten's ghost, amateur TrHu

#.# ... #.# ... # #.###.##
#...... #.T#... #@R#..# #.<#..#
######.#..# ### .. #..R.).#..#
..## . #. #.######..#######.#.#.
.. #.# #.#<.....!#.......#.#.
..#..#####.#######.###.#####.#.
.........R................>..T.
######..#.######.#######.##..#.##


You could see the friendly Yoba the ancestor and a troll (ally target).

Notes
Turn   | Place    | Note
-------+----------+-------------------------------------------
     0 | D:5      | theanonym the Mummy Delver began the quest for the Orb.
     0 | D:5      | Reached XP level 1. HP: 18/18 MP: 1/1
   167 | D:4      | Noticed an iguana
   176 | D:4      | Killed an iguana
   177 | D:4      | Reached skill level 2 in Polearms
   177 | D:4      | Reached XP level 2. HP: 14/24 MP: 2/2
   461 | D:3      | Reached XP level 3. HP: 19/29 MP: 3/3
   465 | D:3      | HP: 14/29 [orc (4)]
   471 | D:3      | HP: 8/29 [orc (3)]
   792 | D:2      | HP: 14/29 [quokka (4)]
   811 | D:2      | HP: 8/29 [quokka (1)]
  1304 | D:2      | Reached skill level 3 in Polearms
  1352 | D:2      | theanonym: !lg . muen
  1352 | D:2      | beem: 139. theanonym the Magician (L5 MuEn), blasted by an
                  | orc priest (divine providence) on D:3 on 2021-08-25
                  | 07:51:13, with 163 points after 2972 turns and 0:05:27.
  1352 | D:2      | theanonym: !lg . mude
  1352 | D:2      | beem: 129. theanonym the Sneak (L4 MuDe of Nemelex Xobeh),
                  | slain by an orc wizard on D:2 on 2021-08-29 10:27:51, with
                  | 91 points after 3304 turns and 0:04:17.
  1352 | D:2      | theanonym: !lg . mude s=xl
  1352 | D:2      | beem: 129 games for theanonym (mude): 73x 1, 15x 2, 13x 3,
                  | 10x 4, 4x 9, 4x 8, 2x 6, 2x 11, 2x 10, 13, 5, 7, 12
  1352 | D:2      | theanonym: !lg . muen s=xl
  1352 | D:2      | beem: 139 games for theanonym (muen): 51x 1, 26x 2, 17x 3,
                  | 14x 4, 6x 5, 6x 9, 5x 6, 3x 7, 3x 11, 2x 8, 2x 10, 2x 12,
                  | 14, 22
  1352 | D:2      | theanonym: !lg . muen s=xl -graph
  1352 | D:2      | beem: 139 games for theanonym (muen):
                  | https://betelgeuse.shalott.org/graphs/ef06eca5068504d5cab94
                  | 6ddfd114cb0d8dff8d8.html
  1352 | D:2      | theanonym: !lg . mude s=xl -graph
  1352 | D:2      | beem: 129 games for theanonym (mude):
                  | https://betelgeuse.shalott.org/graphs/7f1213507fdded439d180
                  | dc0663a2c34df4b68d9.html
  1459 | D:2      | Reached XP level 4. HP: 37/37 MP: 4/4
  1485 | D:2      | Found a shimmering blue altar of Sif Muna.
  2655 | D:2      | Reached skill level 4 in Fighting
  3288 | D:2      | Found a runed translucent door.
  3289 | D:2      | Noticed Crazy Yiuf
  3723 | D:2      | Killed Crazy Yiuf
  3724 | D:2      | Reached XP level 5. HP: 23/42 MP: 5/5
  4114 | D:3      | Found a runed translucent door.
  4123 | D:3      | Noticed Tungsten's ghost (amateur TrHu)
  4427 | D:4      | HP: 17/42 [iguana (6)]
  4433 | D:4      | Reached skill level 4 in Polearms
  4449 | D:4      | Found a hide-covered altar of Uskayaw.
  4767 | D:4      | Found an ornate altar of the Wu Jian Council.
  4937 | D:4      | Found a snail-covered altar of Cheibriados.
  5141 | D:4      | Reached XP level 6. HP: 49/49 MP: 6/6
  5207 | D:4      | Found a staircase to the Ecumenical Temple.
  5216 | Temple   | Entered the Ecumenical Temple
  5366 | Temple   | Became a worshipper of Hepliaklqana the Forgotten
  5845 | D:5      | Noticed an orc warrior
  5868 | D:4      | HP: 23/50 [orc warrior (6)]
  5870 | D:4      | Killed an orc warrior
  5871 | D:4      | Reached skill level 5 in Fighting
  5871 | D:4      | Reached skill level 5 in Polearms
  6326 | D:5      | Reached XP level 7. HP: 53/56 MP: 7/7
  6666 | D:5      | Reached * piety under Hepliaklqana
  6855 | D:6      | Noticed a troll
  6938 | D:6      | HP: 24/50 [orc priest/divine providence (12)]
  6958 | D:6      | HP: 18/50 [orc priest/divine providence (9)]
  7187 | D:6      | HP: 13/50 [troll (13)]
  7187 | D:6      | Slain by a troll

Vanquished Creatures
  An orc warrior (D:4)
  A centaur zombie (D:5)
  2 jellies
  A hound (D:5)
  An orc priest (D:5)
  Crazy Yiuf (D:2)
  4 iguanas
  2 orc wizards
  3 adders
  An ufetubus (D:5)
  An adder skeleton (D:4)
  4 worms
  3 dart slugs
  19 orcs
  6 endoplasms
  3 giant cockroaches
  5 goblins
  4 hobgoblins
  3 jackals (D:2)
  4 quokkas
  9 ball pythons
  3 bats
  3 frilled lizards (D:2)
  12 kobolds
  7 rats
103 creatures vanquished.

Vanquished Creatures (collateral kills)
  2 orcs
2 creatures vanquished.

Vanquished Creatures (others)
  13 plants (D:2)
13 creatures vanquished.

Grand Total: 118 creatures vanquished

Table legend: (Time is in decaauts)
 A = Elapsed time spent in this place.
 B = Non-inter-level travel time spent in this place.
 C = Inter-level travel time spent in this place.
 D = Time resting spent in this place.
 E = Time spent auto-exploring this place.
 F = Levels seen in this place.
 G = Mean time per level.
                   A        B        C        D        E       F      G
               +--------+--------+--------+--------+--------+-----+--------+
         Total |   7234 |   6994 |    240 |   1882 |   4043 |   7 | 1033.4 |
       Dungeon |   7077 |   6842 |    235 |   1882 |   3901 |   6 | 1179.5 |
        Temple |    156 |    151 |      5 |      0 |    142 |   1 |  156.0 |
               +--------+--------+--------+--------+--------+-----+--------+

Top non-repeatable levels by time:
     D:2: 1782 daAuts
     D:4: 1647 daAuts
     D:5: 1518 daAuts
     D:1: 1124 daAuts
     D:3: 889 daAuts
  Temple: 156 daAuts
     D:6: 116 daAuts
